 Dungeon Crawl Stone Soup version 0.29.1-12-g30fa7ad0bf (webtiles) character file.

Game seed: 18122292727374546245

1476 Rrauwl the Skirmisher (level 8, -1/35 (43) HPs)
             Began as a Deep Elf Arcane Marksman on Dec 21, 2022.
             Was an Initiate of Gozag.
             Slain by an ogre
             ... wielding a +0 giant spiked club
              (24 damage)
             ... on level 6 of the Dungeon.
             The game lasted 00:20:53 (5571 turns).

Rrauwl the Skirmisher (Deep Elf Arcane Marksman)    Turns: 5571, Time: 00:20:54

HP:   -1/35 (43)    AC:  8    Str:  9    XL:     8   Next: 49%
MP:   13/13         EV: 14    Int: 25    God:    Gozag
Gold: 946           SH:  0    Dex: 15    Spells: 7/11 levels left

rFire   . . .      SeeInvis .   a - +1 sling
rCold   . . .      Faith    .   (no shield)
rNeg    . . .      Spirit   .   c - +1 robe
rPois   .          Reflect  .   u - +0 helmet
rElec   .          Harm     .   (no cloak)
rCorr   .          Rampage  .   (no gloves)
Will    .....                   (no boots)
Stlth   +.........              h - amulet of regeneration
HPRegen 0.91/turn               f - +6 ring of intelligence
MPRegen 0.13/turn               k - +4 ring of protection

@: marked, gold aura, heavily drained
A: no striking features
a: Renounce Religion, Potion Petition, Call Merchant, Bribe Branch


You were on level 6 of the Dungeon.
You worshipped Gozag.
Gozag was pleased with you.
You visited 2 branches of the dungeon, and saw 7 of its levels.
You also visited: Ossuary.

You collected 946 gold pieces.

Inventory:

Hand Weapons
 a - a +1 sling (weapon)
 b - a +2 flail of protection
 l - a +2 short sword of draining
Missiles
 t - 3 datura-tipped darts
Armour
 c - a +1 robe (worn)
 u - a +0 helmet (worn)
Jewellery
 e - a ring of resist corrosion
 f - a +6 ring of intelligence (left hand)
 h - an amulet of regeneration (around neck)
 j - an amulet of magic regeneration
 k - a +4 ring of protection (right hand)
 m - a ring of wizardry
 v - a +6 ring of intelligence
Scrolls
 g - 5 scrolls of identify
 p - 7 scrolls of teleportation
 q - a scroll of poison
 r - a scroll of amnesia
 w - a scroll of vulnerability {unknown}
 y - a scroll of immolation
Potions
 d - a potion of might
 i - 4 potions of brilliance
 n - 6 potions of curing
 o - a potion of invisibility
 s - 3 potions of heal wounds
 x - a potion of attraction


   Skills:
 - Level 1.0 Fighting
 + Level 13.0 Ranged Weapons
 - Level 5.0 Dodging
 - Level 2.0 Spellcasting
 - Level 4.0 Hexes


You had 7 spell levels left.
You knew the following spells:

 Your Spells              Type           Power      Damage    Failure   Level
a - Slow                  Hex            88%        N/A       2%          1
b - Portal Projectile     Hex/Tloc       24%        N/A       14%         3

Your spell library contained the following spells:

 Spells                   Type           Power      Damage    Failure   Level
 Inner Flame              Hex/Fire       12%        N/A       14%         3
 Cause Fear               Hex            11%        N/A       22%         4


Dungeon Overview and Level Annotations

Branches:
Dungeon (6/15)             Temple (1/1) D:5         Ossuary (visited)

Altars:
Ashenzari
Cheibriados
Elyvilon
Fedhas
Gozag
Hepliaklqana
Kikubaaqudgha
Makhleb
Nemelex Xobeh
Okawaru
Qazlal
Ru
Sif Muna
Uskayaw
Vehumet
Wu Jian
Xom
Yredelemnul
Zin
The Shining One


Message History

You shoot a sling bullet.
The sling bullet barely misses the orc wizard.
You shoot a sling bullet. The sling bullet hits the orc wizard.
The orc wizard is lightly wounded.
You shoot a sling bullet. The sling bullet hits the orc wizard.
The orc wizard is heavily wounded.
You shoot a sling bullet.
The sling bullet barely misses the orc wizard.
You shoot a sling bullet.
The sling bullet barely misses the orc wizard.
You shoot a sling bullet. The sling bullet hits the orc wizard.
The orc wizard is severely wounded.
An orc warrior comes into view. It is wielding a +0 mace.
You shoot a sling bullet.
The sling bullet hits the orc wizard but does no damage.
The orc wizard is severely wounded.
The orc wizard closely misses you.
An orc comes into view. It is wielding a +0 club.
You shoot a sling bullet. The sling bullet hits the orc wizard.
You kill the orc wizard!
Your Ranged Weapons skill increases to level 13!
You shoot a sling bullet.
The sling bullet closely misses the orc warrior.
The sling bullet hits the orc.
The orc is moderately wounded.
A water moccasin comes into view.
You shoot a sling bullet.
The sling bullet hits the orc warrior but does no damage.
An iguana comes into view.
An ogre comes into view. It is wielding a +0 giant spiked club.
A hound comes into view.
The water moccasin is distracted by your dazzling golden aura.
The water moccasin is no longer distracted by gold.
The orc warrior hits you with a +0 mace!
The orc closely misses you. The iguana misses you.
The ogre hits you with a +0 giant spiked club!!
Ouch! That really hurt!
You die...
Your body crumbles into a pile of gold.

#......#.....#......
#..............##...
#......##.#######...
#......##.##..))....
#.$....##.##.####...
##...S..##......##...
#..ho..$#####.#.#####
#..Olo..# ..#...
....##@.### ### ...
.####...# ..... $ .
#....# #### ....###
...#. ....... .......
$ .....#.


You could see an orc warrior, a water moccasin, an ogre, an iguana, a hound and
an orc.

Vanquished Creatures
  Grinder (D:4)
  Sigmund (D:4)
  A black bear (D:5)
  A phantom (D:4)
  A scorpion (D:6)
  5 water moccasin zombies (Ossuary)
  5 wights (D:6)
  A jelly (D:4)
  A hound (D:4)
  3 iguanas
  An orc wizard (D:6)
  A scorpion zombie (D:3)
  2 mummies (Ossuary)
  2 gnolls
  5 adders
  An ufetubus (D:4)
  5 adder zombies
  2 worms
  2 dart slugs (D:1)
  2 orcs (D:3)
  6 ball pythons
  4 bats
  6 endoplasms
  A giant cockroach (D:4)
  4 gnoll zombies (Ossuary)
  5 goblins
  8 hobgoblins
  3 jackals (D:4)
  2 quokkas
  A ball python zombie (D:3)
  4 frilled lizards
  4 hobgoblin zombies (Ossuary)
  7 kobolds
  6 kobold zombies (Ossuary)
  2 orc zombies (Ossuary)
  A quokka zombie (D:3)
  3 rats
110 creatures vanquished.

Vanquished Creatures (others)
  3 plants (D:4)
3 creatures vanquished.

Grand Total: 113 creatures vanquished

Notes
Turn   | Place    | Note
-------+----------+-------------------------------------------
     0 | D:1      | Rrauwl the Deep Elf Arcane Marksman began the quest for the
                  | Orb.
     0 | D:1      | Reached XP level 1. HP: 11/11 MP: 5/5
   101 | D:1      | Reached skill level 1 in Fighting
   101 | D:1      | Reached skill level 3 in Ranged Weapons
   101 | D:1      | Reached XP level 2. HP: 1/16 MP: 5/7
   892 | D:1      | Found a faded altar of an unknown god.
   903 | D:1      | Prayed at the altar of an unknown god.
   903 | D:1      | Became a worshipper of Gozag Ym Sagoz the Greedy
  1048 | D:1      | Reached XP level 3. HP: 16/20 MP: 8/8
  1503 | D:2      | Reached skill level 4 in Ranged Weapons
  1969 | D:2      | Reached XP level 4. HP: 15/25 MP: 9/9
  2672 | D:3      | Found a basalt altar of Yredelemnul.
  2709 | D:3      | Reached skill level 5 in Ranged Weapons
  2957 | D:4      | Reached XP level 5. HP: 29/29 MP: 10/10
  2977 | D:4      | Noticed Sigmund
  3038 | D:4      | Reached skill level 5 in Dodging
  3217 | D:4      | Reached skill level 6 in Ranged Weapons
  3462 | D:4      | Killed Sigmund
  3463 | D:4      | Reached skill level 7 in Ranged Weapons
  3463 | D:4      | Reached XP level 6. HP: 34/34 MP: 11/11
  3593 | D:4      | Reached skill level 8 in Ranged Weapons
  3640 | D:4      | Found an ornate altar of the Wu Jian Council.
  3641 | D:4      | Found a blossoming altar of Fedhas.
  3641 | D:4      | Found an iron altar of Okawaru.
  3657 | D:4      | Found a sacrificial altar of Ru.
  3718 | D:4      | Noticed Grinder
  3727 | D:4      | Paralysed by Grinder for 5 turns
  3746 | D:4      | Paralysed by Grinder for 2 turns
  3768 | D:4      | Paralysed by Grinder for 2 turns
  3773 | D:4      | Killed Grinder
  3774 | D:4      | Reached skill level 9 in Ranged Weapons
  3774 | D:4      | Reached XP level 7. HP: 25/38 MP: 12/12
  3891 | D:5      | Entered Level 5 of the Dungeon
  4037 | D:5      | Identified the +0 robe "Leusuod" {rCorr}
  4044 | D:5      | Reached skill level 10 in Ranged Weapons
  4356 | D:5      | Learned a level 3 spell: Portal Projectile
  4582 | D:5      | Found a staircase to the Ecumenical Temple.
  4657 | Temple   | Entered the Ecumenical Temple
  5068 | D:6      | Found a sand-covered staircase.
  5085 | Ossuary  | Entered an ossuary
  5230 | Ossuary  | Reached skill level 11 in Ranged Weapons
  5245 | Ossuary  | Reached XP level 8. HP: 40/43 MP: 13/13
  5339 | Ossuary  | Reached skill level 12 in Ranged Weapons
  5565 | D:6      | Reached skill level 13 in Ranged Weapons
  5571 | D:6      | Slain by an ogre

Illustrated notes

Levels and vault maps discovered:
D:1:      minmay_arrival_diagonal_passages, layout_loops_ring,
          chequers_ecumenical_altar_lobes
D:2:      layout_basic, st_stairs_7, minivault_11
D:3:      layout_loops_cross, nicolae_yredelemnul_corpse_copse,
          hangedman_decor_riveting
D:4:      layout_basic, nicolae_ru_the_path_less_chosen,
          gammafunk_temple_overflow_claw, uniq_sigmund, uniq_grinder
D:5:      layout_layer_cave, minmay_temple_entry_statues,
          minmay_misc_feat_columns, grunt_decor_cap, nicolae_hexahallways,
          serial_bayou_pond_d
D:6:      layout_rooms, chequers_ossuary_entry_cave
Temple:   bh_familiar_temple

Skill      XL: |  1  2  3  4  5  6  7  8 |
---------------+-------------------------+-----
Fighting       | 1 |  1.0
Ranged Weapons | 3 4 5 7 9 11 13 | 13.0
Spellcasting   | 2 |  2.0
Dodging        | 3 4 5 |  5.0
Hexes          | |  4.0

Action                   |  1- 3 |  4- 6 |  7- 9 || total
-------------------------+-------+-------+-------++-------
 Fire: Sling             |   138 |   256 |   292 ||   686
 Cast: Slow              |     9 |     2 |     4 ||    15
  Use: Scroll            |     3 |     5 |     1 ||     9
       Potion            |     2 |     5 |     4 ||    11
Armor: Robe              |     5 |    48 |    45 ||    98
Dodge: Dodged            |    33 |   117 |   112 ||   262
